Map: Orbital Shipyard

Players

Hydra - Winner!

  • Race: Zerg Zerg

Elazer

  • Race: Zerg Zerg

Event: 2016 WCS Winter Circuit Championship

VOD

Have the link to the VOD?

Description

Time

  • Played on: March 4, 2016, 2:56 p.m.
  • Length: 3:31

All games in this series

Show
View Real Time Build Order
Export as new Build Order

Hydra Zerg - Winner!

Build Orders: Pool Only 

Get SALT Encoding   

  12  0:00  Drone  
  13  0:14  Extractor  
  12  0:23  Spawning Pool  
  12  0:27  Drone  
  12  0:32  Drone  
  13  0:37  Drone  
  14  0:48  Overlord  
  14  1:10  Zergling x4  
  14  1:11  Queen  
  18  1:20  Metabolic Boost  
  18  1:24  Zergling x2  
  19  1:30  Zergling x2  
  20  1:39  Baneling Nest  
  19  1:45  Zergling x2  
  20  1:53  Overlord  
  20  1:57  Zergling x2  
  21  2:04  Zergling x2  
  22  2:19  Zergling x2  
  22  2:20  Zergling x6  
  26  2:24  Baneling  
  26  2:25  Baneling  
  26  2:26  Baneling  
  26  2:31  Zergling x2  
  26  2:35  Baneling  
  27  2:40  Zergling x2  
  28  2:49  Zergling x2  
  29  2:52  Zergling x2  
Show
View Real Time Build Order
Export as new Build Order

Elazer Zerg 

Build Orders: Hatch First 

Get SALT Encoding   

  12  0:00  Drone  
  13  0:11  Overlord  
  13  0:17  Drone  
  14  0:30  Drone x2  
  14  0:33  Drone  
  17  0:51  Hatchery  
  17  0:54  Drone  
  17  0:57  Drone  
  18  1:08  Extractor  
  17  1:13  Spawning Pool  
  17  1:14  Drone  
  17  1:17  Drone  
  18  1:27  Drone  
  19  1:38  Overlord  
  19  1:54  Drone  
  19  1:59  Queen  
  19  2:00  Zergling x2  
  23  2:02  Queen  
  23  2:03  Drone  
  23  2:08  Metabolic Boost  
  26  2:10  Drone  
  26  2:14  Drone  
  28  2:22  Drone  
  29  2:24  Drone  
  30  2:34  Hatchery  
  29  2:43  Queen, Zergling x2  
  32  2:46  Spine Crawler  
  32  2:51  Zergling x6  
  34  2:57  Spine Crawler  
  32  3:10  Zergling x6  
Tags
 
Add a new tag
Caveats
  • Supply blocks, unpowered buildings, or Contaminate may cause inaccurate times.
  • Supply counts are checked every 10 seconds.